 Dungeon Crawl Stone Soup version 0.30-a0-629-gd54f4be4f7 (webtiles) character file.

Game seed: 5628914664778790596

121 bande the Covered (level 5, -2/33 HPs)
             Began as a Gargoyle Fighter on Jan 12, 2023.
             Slain by an orc
             ... wielding a +0 trident
              (6 damage)
             ... on level 3 of the Dungeon.
             The game lasted 00:03:39 (2964 turns).

bande the Covered (Gargoyle Fighter)                Turns: 2964, Time: 00:03:40

Health: -2/33      AC: 15    Str: 20    XL:     5   Next: 5%
Magic:  5/5        EV:  7    Int:  8    God:
Gold:   127        SH:  4    Dex: 11    Spells: 4/4 levels left

rFire   . . .      SeeInvis .    a - +0 war axe
rCold   . . .      Faith    .    c - +0 buckler
rNeg    + . .      Spirit   .    m - +0 chain mail
rPois   ∞          Reflect  .    (no helmet)
rElec   +          Harm     .    (no cloak)
rCorr   .          Rampage  .    (no gloves)
Will    .....                    f - +1 pair of boots Stlth
                                 (no amulet)
HPRegen 0.25/turn                (no ring)
MPRegen 0.09/turn                (no ring)

@: no status effects
A: sickness immunity, AC +4, negative energy resistance 1, electricity
resistance, torment resistance 1, petrification resistance
a: no special abilities


You were on level 3 of the Dungeon.
You visited 1 branch of the dungeon, and saw 3 of its levels.

You collected 127 gold pieces.

Inventory:

Hand Weapons
 a - a +0 war axe (weapon)
Armour
 c - a +0 buckler (worn)
 f - a +1 pair of boots (worn)
 m - a +0 chain mail (worn)
Jewellery
 b - an amulet of magic regeneration
 e - a +4 ring of slaying
 n - a ring of wizardry
Scrolls
 g - 2 scrolls of amnesia
 l - a scroll of brand weapon {unknown}
 o - 3 scrolls of identify
 q - a scroll of teleportation {unknown}
Potions
 d - a potion of might
 h - 2 potions of ambrosia
 i - a potion of degeneration {unknown}
 j - a potion of berserk rage {unknown}
 k - a potion of lignification {unknown}
 p - a potion of heal wounds {unknown}
 r - a potion of curing {unknown}


   Skills:
 + Level 3.7 Fighting
 + Level 3.5 Axes
 + Level 3.8 Armour
 - Level 0.1 Dodging
 - Level 0.2 Stealth
 + Level 3.8 Shields


You had 4 spell levels left.
You didn't know any spells.
Your spell library was empty.

Dungeon Overview and Level Annotations

Branches:
Dungeon (3/15)

Altars:

Shops:
D:2 ?


Innate Abilities, Weirdness & Mutations

You are immune to sickness and miasma.
Your stone body is resilient. (AC +4)
You are immune to poison.
You resist negative energy. (rN+)
You are resistant to electric shocks. (rElec)
You are resistant to unholy torment.
You are immune to petrification.


Message History

The orc's wounds heal themselves!
Something hits you but does no damage. The orc hits you but does no damage.
The orc closely misses you.
Unknown command.
You barely miss the orc priest.
The orc priest is almost dead.
You hit something but do no damage. You hit the orc but do no damage.
You barely miss something.
Something hits you but does no damage. x2
The orc misses you.
The orc hits you from afar with a +0 trident.
You block the orc priest's attack. The orc hits you but does no damage.
The orc priest hits you but does no damage.
Something hits you but does no damage.
You barely miss the orc priest.
The orc priest is almost dead.
You closely miss something. You barely miss something. You slash the orc!
You kill the orc!
A ball python comes into view.
The orc priest mumbles some strange prayers to Beogh against you.
Beogh smites you!
* * * LOW HITPOINT WARNING * * *
Something hits you but does no damage.
You hear some strange, mumbled words.
Something tries to affect you, but you resist.
The orc hits you but does no damage.
Unknown command.
You closely miss the orc priest.
The orc priest is almost dead.
You barely miss something. You miss something.
The ball python hisses angrily.
You hear some strange, mumbled words.
Something tries to affect you, but you resist.
The orc priest hits you with a +0 hand axe.
* * * LOW HITPOINT WARNING * * *
Something hits you but does no damage. The orc hits you but does no damage.
Unknown command.
You barely miss the orc priest.
The orc priest is almost dead.
You slash something! You hit something. The orc priest barely misses you.
Something hits you but does no damage.
The orc hits you from afar with a +0 trident.
You die...

# #..........# # #..........# #
#..........# # #..........# #
#.........)## ## ###.##......#
g########.##..)$..#
..........##...).{#
###....##.##...)@o#**************
#.......................,,,,,,,,,
#+####.##.##....o.######*********
....[...#.##....S.#*******~~~~~~~
......#.#o##..........,,**~~,,,~~
......#...##..........,,,*~,,*,,~
......##..##.)........,,,+,,***,,
......##..####........,,**~,,*,,~
......###...##........,,**~~,,,~~


You could see an orc priest, an orc and a ball python.

Vanquished Creatures
  4 adders
  3 worms
  2 dart slugs
  4 orcs
  5 ball pythons
  6 endoplasms
  2 giant cockroaches
  5 goblins
  9 hobgoblins
  7 jackals (D:1)
  2 kobolds
  A quokka (D:3)
  8 bats
  2 frilled lizards (D:1)
  3 rats
63 creatures vanquished.

Notes
Turn   | Place    | Note
-------+----------+-------------------------------------------
     0 | D:1      | bande the Gargoyle Fighter began the quest for the Orb.
     0 | D:1      | Reached XP level 1. HP: 14/14 MP: 1/1
   106 | D:1      | Reached XP level 2. HP: 19/19 MP: 2/2
   307 | D:1      | Reached XP level 3. HP: 20/23 MP: 3/3
   917 | D:2      | Found Heapp's Magic Scroll Emporium.
   965 | D:2      | Reached XP level 4. HP: 28/28 MP: 4/4
  2236 | D:3      | HP: 1/29 [orc priest/+0 hand axe (4)]
  2951 | D:3      | Reached XP level 5. HP: 33/33 MP: 5/5
  2964 | D:3      | Slain by an orc

Illustrated notes

Levels and vault maps discovered:
D:1:      sevenhm_arrival_forest_fort_large_2, layout_loops_cross,
          minmay_circled_x
D:2:      layout_loops_corners, serial_shops, shop,
          chequers_serial_rivers_large_b, nicolae_underground_beach
D:3:      layout_basic, kennysheep_generic_room_8

Skill      XL: |  1  2  3 |
---------------+----------+-----
Axes           | 2 3 |  3.5
Fighting       | |  3.7
Armour         | |  3.8
Dodging        | |  0.1
Stealth        | |  0.2
Shields        | |  3.8

Action                   |  1- 3 |  4- 6 || total
-------------------------+-------+-------++-------
Melee: War axe           |    99 |   112 ||   211
  Use: Scroll            |       |     7 ||     7
Armor: Scale mail        |    59 |       ||    59
       Chain mail        |     3 |   119 ||   122
Dodge: Dodged            |    62 |    55 ||   117
Block: Buckler           |    23 |    32 ||    55

Table legend: (Time is in decaauts)
 A = Elapsed time spent in this place.
 B = Non-inter-level travel time spent in this place.
 C = Inter-level travel time spent in this place.
 D = Time resting spent in this place.
 E = Time spent auto-exploring this place.
 F = Levels seen in this place.
 G = Mean time per level.
                   A        B        C        D        E       F      G
               +--------+--------+--------+--------+--------+-----+--------+
         Total |   3074 |   2880 |    194 |    302 |   2025 |   3 | 1024.7 |
       Dungeon |   3074 |   2880 |    194 |    302 |   2025 |   3 | 1024.7 |
               +--------+--------+--------+--------+--------+-----+--------+

Top non-repeatable levels by time:
     D:2: 1455 daAuts
     D:1: 910 daAuts
     D:3: 708 daAuts
